IL
IOWA CUBS @ OKLAHOMA CITY DODGERS
06/20/2044
 
TOP OF THE 1ST
Iowa Cubs batting - Pitching for Oklahoma City Dodgers : LHP Joel Beery
Pitching: LHP Joel Beery
Batting: RHB Shintaro Katsumata 0-0: Called Strike
0-1: Swinging Strike
0-2: Reached on error, E5 (Groundball, 56S, EV 86.9 MPH)
Batting: LHB Barend van der Kamp 0-0: Called Strike
0-1: SINGLE (Groundball, 5S, EV 67.5 MPH) (infield hit)
Shintaro Katsumata to second
Batting: SHB Seung-ho Zhang 0-0: Called Strike
0-1: Swinging Strike
0-2: Reached on error, E5 (Groundball, 56, EV 80.6 MPH)
Shintaro Katsumata to third
Barend van der Kamp to second
Batting: RHB Butch Koglin 0-0: Ball
1-0: Ball
2-0: Ball
3-0: Base on Balls
Shintaro Katsumata scores
Barend van der Kamp to third
Seung-ho Zhang to second
Batting: SHB Nick Chandler 0-0: Called Strike
0-1: Fly out, F8 (Flyball, 89D, EV 103.8 MPH)
Runner from 3rd tags up, SCORES, no throw by CF
Batting: SHB Gerardo Flores 0-0: Ball
1-0: Grounds into double play, 5-4-3 (Groundball, 56S, EV 88.8 MPH)
Top of the 1st over - 2 runs, 1 hit, 2 errors, 1 left on base; Iowa 2 - Oklahoma City 0
BOTTOM OF THE 1ST
Oklahoma City Dodgers batting - Pitching for Iowa Cubs : RHP Willie Ramos
Pitching: RHP Willie Ramos
Batting: RHB Justin Anastasio 0-0: SINGLE (Groundball, 34D, EV 96.3 MPH)
Batting: LHB Alex Ramos 0-0: Called Strike
0-1: Ball
1-1: Ball
2-1: 2-RUN HOME RUN (Flyball, 9LD, EV 91.9 MPH), Distance : 331 ft
Batting: LHB James Betron 0-0: Ground out 6-3 (Groundball, 4MD, EV 101.9 MPH)
Batting: RHB John Manocchio 0-0: Ball
1-0: Ball
2-0: Called Strike
2-1: Ball
3-1: Base on Balls
Batting: RHB Armando Galindo 0-0: Fielders Choice at 2nd, 4-6 (Groundball, 4, EV 88.1 MPH)
Batting: RHB John Hazen 0-0: Called Strike
Armando Galindo steals 2nd base
0-1: Ball
1-1: Called Strike
1-2: Ball
2-2: Strikes out swinging
Bottom of the 1st over - 2 runs, 2 hits, 0 errors, 1 left on base; Iowa 2 - Oklahoma City 2
TOP OF THE 2ND
Iowa Cubs batting - Pitching for Oklahoma City Dodgers : LHP Joel Beery
Batting: RHB Pat Barton 0-0: Foul Ball, location: 2F
0-1: Ball
1-1: Foul Ball, location: 2F
1-2: Strikes out swinging
Batting: LHB Rich Atterberry 0-0: Fly out, F8 (Flyball, 78D, EV 97.5 MPH)
Batting: RHB Jonathan Underhill 0-0: SINGLE (Groundball, 56D, EV 95.6 MPH)
Batting: RHB Shintaro Katsumata 0-0: Ball
1-0: Ball
2-0: Foul Ball, location: 2F
2-1: Called Strike
2-2: Foul Ball, location: 2F
2-2: Ball
3-2: Foul Ball, location: 2F
3-2: Ground out 5-3 (Groundball, 56S, EV 80.0 MPH)
Top of the 2nd over - 0 runs, 1 hit, 0 errors, 1 left on base; Iowa 2 - Oklahoma City 2
BOTTOM OF THE 2ND
Oklahoma City Dodgers batting - Pitching for Iowa Cubs : RHP Willie Ramos
Batting: RHB Tim Adams 0-0: Called Strike
0-1: Ball
1-1: Called Strike
1-2: Strikes out swinging
Batting: RHB Terry Jarrells 0-0: Called Strike
0-1: Ball
1-1: Ground out 5-3 (Groundball, 5S, EV 91.9 MPH)
Batting: RHB Matt Robert 0-0: Ball
1-0: Ground out 2-3 (Groundball, 2L, EV 70.0 MPH)
Bottom of the 2nd over - 0 runs, 0 hits, 0 errors, 0 left on base; Iowa 2 - Oklahoma City 2
TOP OF THE 3RD
Iowa Cubs batting - Pitching for Oklahoma City Dodgers : LHP Joel Beery
Pitching: RHP Eddie Mosley
Batting: LHB Barend van der Kamp 0-0: Ball
1-0: Foul Ball, location: 2F
1-1: Ball
2-1: Ball
3-1: Fly out, F5 (Line Drive, 5, EV 76.3 MPH)
Batting: SHB Seung-ho Zhang 0-0: Ball
1-0: Ball
2-0: Ground out 4-3 (Groundball, 4M, EV 88.1 MPH)
Batting: RHB Butch Koglin 0-0: Called Strike
0-1: DOUBLE (Line Drive, 78D, EV 111.9 MPH)
Batting: SHB Nick Chandler 0-0: Swinging Strike
0-1: Called Strike
0-2: Ball
1-2: Foul Ball, location: 2F
1-2: Ball
2-2: Strikes out looking
Top of the 3rd over - 0 runs, 1 hit, 0 errors, 1 left on base; Iowa 2 - Oklahoma City 2
BOTTOM OF THE 3RD
Oklahoma City Dodgers batting - Pitching for Iowa Cubs : RHP Willie Ramos
Batting: RHB Justin Anastasio 0-0: Swinging Strike
0-1: Called Strike
0-2: Strikes out swinging
Batting: LHB Alex Ramos 0-0: Ball
1-0: Foul Ball, location: 2F
1-1: Ball
2-1: Ball
3-1: Base on Balls
Batting: LHB James Betron 0-0: Foul Ball, location: 2F
0-1: SINGLE (Groundball, 56S, EV 68.1 MPH) (infield hit)
Alex Ramos to second
Batting: RHB John Manocchio 0-0: Ball
1-0: Foul Ball, location: 2F
1-1: Ball
2-1: SINGLE (Line Drive, 9S, EV 88.1 MPH)
Alex Ramos to third
James Betron to second
Runner from 3rd tries for Home, SAFE, throw by RF to home
Batting: RHB Armando Galindo 0-0: Ball
1-0: Ball
2-0: Swinging Strike
2-1: 3-RUN HOME RUN (Flyball, 89XD, EV 105.6 MPH), Distance : 397 ft
Batting: RHB John Hazen 0-0: Called Strike
0-1: Ground out 6-3 (Groundball, 6, EV 80.6 MPH)
Batting: RHB Tim Adams 0-0: Called Strike
0-1: Foul Ball, location: 2F
0-2: Ball
1-2: Ground out 4-3 (Groundball, 4, EV 107.5 MPH)
Bottom of the 3rd over - 4 runs, 3 hits, 0 errors, 0 left on base; Iowa 2 - Oklahoma City 6
TOP OF THE 4TH
Iowa Cubs batting - Pitching for Oklahoma City Dodgers : RHP Eddie Mosley
Now at 2B: Bobby Mendieta
Batting: SHB Gerardo Flores 0-0: Ball
1-0: TRIPLE (Line Drive, 89XD, EV 110.6 MPH)
Pitching: RHP Alex Aguilar
Batting: RHB Pat Barton 0-0: Ball
1-0: Swinging Strike
1-1: Ball
2-1: Foul Ball, location: 2F
2-2: Foul Ball, location: 2F
2-2: Ground out 5-3 (Groundball, 5L, EV 110.6 MPH)
Gerardo Flores scores
Batting: LHB Rich Atterberry 0-0: Ball
1-0: Called Strike
1-1: Called Strike
1-2: Ball
2-2: Ball
3-2: Base on Balls
Batting: RHB Jonathan Underhill 0-0: Called Strike
0-1: Grounds into double play, 5-4-3 (Groundball, 56, EV 81.9 MPH)
Top of the 4th over - 1 run, 1 hit, 0 errors, 0 left on base; Iowa 3 - Oklahoma City 6
BOTTOM OF THE 4TH
Oklahoma City Dodgers batting - Pitching for Iowa Cubs : RHP Willie Ramos
Batting: RHB Terry Jarrells 0-0: Ball
1-0: Called Strike
1-1: Swinging Strike
1-2: Ball
2-2: Foul Ball, location: 2F
2-2: Ground out U3 (Groundball, 3, EV 88.8 MPH)
Pitching: RHP Andy Temples
Batting: RHB Matt Robert 0-0: Called Strike
0-1: Ball
1-1: Swinging Strike
1-2: Strikes out swinging
Batting: RHB Justin Anastasio 0-0: Fly out, F4 (Flyball, 34D, EV 78.1 MPH)
Bottom of the 4th over - 0 runs, 0 hits, 0 errors, 0 left on base; Iowa 3 - Oklahoma City 6
TOP OF THE 5TH
Iowa Cubs batting - Pitching for Oklahoma City Dodgers : RHP Alex Aguilar
Batting: RHB Shintaro Katsumata 0-0: Ball
1-0: Swinging Strike
1-1: Ball
2-1: Swinging Strike
2-2: Strikes out swinging
Pitching: LHP Chris Bonfanti
Batting: LHB Barend van der Kamp 0-0: Ball
1-0: Foul Ball, location: 2F
1-1: Foul Ball, location: 2F
1-2: Strikes out swinging
Batting: SHB Seung-ho Zhang 0-0: Ball
1-0: Swinging Strike
1-1: Ground out 4-3 (Groundball, 4, EV 107.5 MPH)
Top of the 5th over - 0 runs, 0 hits, 0 errors, 0 left on base; Iowa 3 - Oklahoma City 6
BOTTOM OF THE 5TH
Oklahoma City Dodgers batting - Pitching for Iowa Cubs : RHP Andy Temples
Batting: RHB Bobby Mendieta 0-0: Fly out, F9 (Flyball, 9S, EV 96.3 MPH)
Batting: LHB James Betron 0-0: Ground out 5-3 (Groundball, 56, EV 81.9 MPH)
Batting: RHB John Manocchio 0-0: Ball
1-0: SINGLE (Line Drive, 78S, EV 105.6 MPH)
Batting: RHB Armando Galindo 0-0: Fielders Choice at 2nd, 6-4 (Groundball, 6, EV 90.0 MPH)
Bottom of the 5th over - 0 runs, 1 hit, 0 errors, 1 left on base; Iowa 3 - Oklahoma City 6
TOP OF THE 6TH
Iowa Cubs batting - Pitching for Oklahoma City Dodgers : LHP Chris Bonfanti
Batting: RHB Butch Koglin 0-0: DOUBLE (Line Drive, 78D, EV 110.0 MPH)
Batting: SHB Nick Chandler 0-0: Ground out 5-3 (Groundball, 56, EV 101.3 MPH)
Batting: SHB Gerardo Flores 0-0: Called Strike
0-1: Ball
1-1: 2-RUN HOME RUN (Flyball, 9D, EV 95.6 MPH), Distance : 363 ft
Batting: RHB Pat Barton 0-0: Called Strike
0-1: Ball
1-1: SINGLE (Line Drive, 7LM, EV 100.0 MPH)
Batting: LHB Rich Atterberry 0-0: Ball
1-0: Ball
2-0: Foul Ball, location: 2F
2-1: Foul Ball, location: 2F
2-2: Ball
3-2: Base on Balls
Pat Barton to second
Pitching: LHP Billy Nash
Batting: RHB Jonathan Underhill 0-0: Called Strike
0-1: Swinging Strike
0-2: Foul Ball, location: 2F
0-2: Ball
1-2: Fly out, F8 (Flyball, 8RXD, EV 96.9 MPH)
Runner from 2nd tags up, SAFE at 3rd, no throw by CF
Batting: RHB Shintaro Katsumata 0-0: SINGLE (Groundball, 34D, EV 101.3 MPH)
Pat Barton scores
Rich Atterberry to second
Runner from 2nd tries for 3rd, SAFE, throw by RF made to third
Shintaro Katsumata to second
Batting: LHB Barend van der Kamp 0-0: Called Strike
0-1: Called Strike
0-2: Ball
1-2: Ball
2-2: Ball
3-2: Foul Ball, location: 2F
3-2: Base on Balls
Batting: SHB Seung-ho Zhang 0-0: Called Strike
0-1: Ball
1-1: Called Strike
1-2: Ball
2-2: Foul Ball, location: 2F
2-2: Foul Ball, location: 2F
2-2: Ball
3-2: Foul Ball, location: 2F
3-2: Strikes out swinging
Top of the 6th over - 3 runs, 4 hits, 0 errors, 3 left on base; Iowa 6 - Oklahoma City 6
BOTTOM OF THE 6TH
Oklahoma City Dodgers batting - Pitching for Iowa Cubs : RHP Andy Temples
Batting: RHB John Hazen 0-0: Ground out 6-3 (Groundball, 4M, EV 81.9 MPH)
Batting: RHB Tim Adams 0-0: Ball
1-0: Ground out 1-3 (Groundball, 13S, EV 68.8 MPH)
Batting: RHB Terry Jarrells 0-0: Swinging Strike
0-1: Called Strike
0-2: Ball
1-2: Foul Ball, location: 2F
1-2: Strikes out looking
Bottom of the 6th over - 0 runs, 0 hits, 0 errors, 0 left on base; Iowa 6 - Oklahoma City 6
TOP OF THE 7TH
Iowa Cubs batting - Pitching for Oklahoma City Dodgers : LHP Billy Nash
Pitching: RHP Josh Thorne
Batting: RHB Butch Koglin 0-0: Called Strike
0-1: Ball
1-1: Ball
2-1: Ball
3-1: Fly out, F7 (Flyball, 7, EV 92.5 MPH)
Batting: SHB Nick Chandler 0-0: Fly out, F9 (Flyball, 9, EV 81.3 MPH)
Batting: SHB Gerardo Flores 0-0: Ball
1-0: Ground out 4-3 (Groundball, 34D, EV 86.9 MPH)
Top of the 7th over - 0 runs, 0 hits, 0 errors, 0 left on base; Iowa 6 - Oklahoma City 6
BOTTOM OF THE 7TH
Oklahoma City Dodgers batting - Pitching for Iowa Cubs : RHP Andy Temples
Batting: RHB Matt Robert 0-0: Foul Ball, location: 2F
0-1: Foul Ball, location: 2F
0-2: Ball
1-2: Strikes out swinging wild pitch, reaches first!
Batting: RHB Justin Anastasio 0-0: Called Strike
0-1: Ball
Matt Robert steals 2nd base (no throw)
1-1: Ball
2-1: Foul Ball, location: 2F
2-2: Foul Ball, location: 2F
2-2: Ball
3-2: Base on Balls
Batting: RHB Bobby Mendieta 0-0: Bunt missed!
0-1: Sac Bunt to P - play at first, batter OUT! 1-4
Matt Robert to third
Justin Anastasio to second
Batting: LHB James Betron 0-0: Ball
1-0: SINGLE (Groundball, 4MD, EV 106.3 MPH)
Matt Robert scores
Justin Anastasio to third
Runner from 3rd tries for Home, SAFE, throw by CF to home
Batting: RHB John Manocchio 0-0: Ball
Wild Pitch!
James Betron to second
1-0: Swinging Strike
1-1: Ball
2-1: Foul Ball, location: 2F
2-2: Fly out, F8 (Line Drive, 8LD, EV 86.3 MPH)
Batting: RHB Armando Galindo 0-0: Called Strike
0-1: Ball
1-1: Fly out, F7 (Flyball, 78S, EV 78.1 MPH)
Bottom of the 7th over - 2 runs, 1 hit, 0 errors, 1 left on base; Iowa 6 - Oklahoma City 8
TOP OF THE 8TH
Iowa Cubs batting - Pitching for Oklahoma City Dodgers : RHP Josh Thorne
Batting: RHB Pat Barton 0-0: Swinging Strike
0-1: Swinging Strike
0-2: Foul Ball, location: 2F
0-2: Foul Ball, location: 2F
0-2: Ball
1-2: Strikes out swinging
Batting: LHB Rich Atterberry 0-0: Called Strike
0-1: Swinging Strike
0-2: Foul Ball, location: 2F
0-2: Ball
1-2: Foul Ball, location: 2F
1-2: Ball
2-2: Foul Ball, location: 2F
2-2: Foul Ball, location: 2F
2-2: Strikes out swinging
Pitching: RHP Jake Milligan
Batting: RHB Jonathan Underhill 0-0: Called Strike
0-1: SINGLE (Line Drive, 6MD, EV 101.3 MPH)
Batting: RHB Shintaro Katsumata 0-0: Ball
1-0: Ball
2-0: SINGLE (Line Drive, 89M, EV 90.0 MPH)
Jonathan Underhill to second
Batting: LHB Barend van der Kamp 0-0: Swinging Strike
0-1: Called Strike
0-2: Strikes out swinging
Top of the 8th over - 0 runs, 2 hits, 0 errors, 2 left on base; Iowa 6 - Oklahoma City 8
BOTTOM OF THE 8TH
Oklahoma City Dodgers batting - Pitching for Iowa Cubs : RHP Andy Temples
Pitching: RHP Joe Pate
Batting: RHB John Hazen 0-0: Foul Ball, location: 2F
0-1: Called Strike
0-2: Ball
1-2: Foul Ball, location: 2F
1-2: SINGLE (Flyball, 7LS, EV 91.3 MPH)
Batting: RHB Tim Adams 0-0: Sac Bunt to 3S - play at first, batter OUT! 3-1
John Hazen to second
Batting: RHB Terry Jarrells 0-0: Swinging Strike
0-1: Ball
1-1: Ball
2-1: Foul Ball, location: 2F
2-2: Ball
3-2: Foul Ball, location: 2F
3-2: Foul Ball, location: 2F
3-2: Foul Ball, location: 2F
3-2: Base on Balls
Batting: RHB Matt Robert 0-0: Ball
1-0: Foul Ball, location: 2F
1-1: Ball
2-1: Fly out, F8 (Flyball, 8RM, EV 90.6 MPH)
Batting: RHB Justin Anastasio 0-0: Ball
1-0: Called Strike
1-1: Called Strike
1-2: Ground out 4-3 (Groundball, 34, EV 101.9 MPH)
Bottom of the 8th over - 0 runs, 1 hit, 0 errors, 2 left on base; Iowa 6 - Oklahoma City 8
TOP OF THE 9TH
Iowa Cubs batting - Pitching for Oklahoma City Dodgers : RHP Jake Milligan
Batting: SHB Seung-ho Zhang 0-0: Called Strike
0-1: Ball
1-1: Fly out, F8 (Flyball, 78D, EV 89.4 MPH)
Batting: RHB Butch Koglin 0-0: Called Strike
0-1: Ball
1-1: Ball
2-1: Swinging Strike
2-2: Ball
3-2: Base on Balls
Batting: SHB Nick Chandler 0-0: Called Strike
0-1: Foul Ball, location: 2F
0-2: Fielders Choice at 2nd, 1-6 (Groundball, 13, EV 66.3 MPH)
Pitching: RHP Ludo Argo
Batting: SHB Gerardo Flores 0-0: Ball
1-0: Ball
2-0: Ball
3-0: Foul Ball, location: 2F
Balk!
Nick Chandler to second
3-1: Called Strike
3-2: DOUBLE (Line Drive, 7LS, EV 106.9 MPH)
Nick Chandler scores
Pinch Hitting: LHB Chris Morgan 0-0: Swinging Strike
0-1: Ball
1-1: Ball
2-1: Called Strike
2-2: Strikes out swinging
Top of the 9th over - 1 run, 1 hit, 0 errors, 1 left on base; Iowa 7 - Oklahoma City 8
Thursday, March 31st , 2022 - OOTP Baseball 22.12 Build 89